 Dungeon Crawl Stone Soup version 0.32-a0-163-g159c032296 (webtiles) character file.

Game seed: 3213251552284847096

66090 CougarLife the Thaumaturge (level 15, -5/103 HPs)
             Began as a Gnoll Summoner on Feb 10, 2024.
             Was the Champion of Hepliaklqana.
             Slain by an orc warlord
             ... wielding a +3 great mace
              (21 damage)
             ... on level 1 of the Orcish Mines on Feb 11, 2024.
             The game lasted 01:08:38 (27590 turns).

CougarLife the Thaumaturge (Gnoll Summoner)        Turns: 27590, Time: 01:08:39

Health: -5/103     AC: 18    Str: 12    XL:     15   Next: 18%
Magic:  10/30      EV: 16    Int: 25    God:    Hepliaklqana [******]
Gold:   810        SH:  0    Dex: 12    Spells: 22/36 levels left

rFire   + . .        y - +2 spear (venom)
rCold   + . .        (no shield)
rNeg    + . .        w - +2 leather armour {rF+}
rPois   .            s - +2 helmet
rElec   .            B - +0 cloak
rCorr   .            h - +2 pair of gloves of the Scribe {rN+ Str+3 Int+4 Slay+2}
SInv    +            t - +2 pair of boots {Fly}
Will    +....        g - amulet of faith
Stlth   ++++         L - ring of see invisible
HPRegen 0.37/turn    N - ring of protection from cold
MPRegen 0.22/turn

%: faith
@: flying
A: reduced essence, fangs 1, strong nose, distributed training
a: Renounce Religion, Recall Ancestor, Ancestor Identity, Transference, Idealise


You were on level 1 of the Orcish Mines.
You worshipped Hepliaklqana.
Hepliaklqana was exalted by your worship.
You visited 4 branches of the dungeon, and saw 19 of its levels.

You collected 1639 gold pieces.
You spent 829 gold pieces at shops.

Inventory:

Hand Weapons
 y - a +2 spear of venom (weapon)
 E - a +4 trident of draining
Missiles
 f - 2 throwing nets
 J - 2 curare-tipped darts
Armour
 h - the +2 pair of gloves of the Scribe (worn) {rN+ Str+3 Int+4 Slay+2}
   (You bought it in a shop on level 9 of the Dungeon)

   Str+3:     It affects your strength (+3).
   Int+4:     It affects your intelligence (+4).
   Slay+2:    It affects your accuracy & damage with ranged weapons and melee
   (+2).
   rN+:       It protects you from negative energy.
 s - a +2 helmet (worn)
 t - a +2 pair of boots of flying (worn)
 w - a +2 leather armour of fire resistance (worn)
 B - a +0 cloak (worn)
 C - quicksilver dragon scales
Jewellery
 g - an amulet of faith (around neck)
 G - a ring of resist corrosion
 I - a ring of ice
 L - a ring of see invisible (left hand)
 N - a ring of protection from cold (right hand)
 P - a +6 ring of dexterity
Wands
 b - a wand of digging (4)
 A - a wand of charming (40)
 F - a wand of mindburst (20)
 H - a wand of roots (21)
 Q - a wand of flame (11)
 U - a wand of acid (4)
Scrolls
 a - 2 scrolls of amnesia
 d - 3 scrolls of immolation
 j - 8 scrolls of teleportation
 l - 3 scrolls of noise
 n - a scroll of brand weapon
 o - 2 scrolls of enchant armour
 r - 3 scrolls of vulnerability
 v - 4 scrolls of poison
 x - 3 scrolls of revelation
 M - 3 scrolls of torment
 R - a scroll of fear {unknown}
 S - 2 scrolls of identify
Potions
 c - 2 potions of might
 e - a potion of mutation {unknown}
 i - a potion of resistance
 k - 2 potions of lignification
 m - 2 potions of haste {unknown}
 p - 8 potions of curing
 q - 4 potions of enlightenment {unknown}
 u - 3 potions of brilliance {unknown}
 z - 2 potions of ambrosia {unknown}
 D - 3 potions of attraction {unknown}
 O - a potion of invisibility
Miscellaneous
 K - a tin of tremorstones (2/2)


   Skills:
 + Level 10.2 Fighting
 + Level 10.2 Short Blades
 + Level 10.2 Long Blades
 + Level 10.2 Axes
 + Level 10.2 Maces & Flails
 + Level 10.2 Polearms
 + Level 10.2 Staves
 + Level 10.2 Ranged Weapons
 + Level 10.2 Throwing
 + Level 10.2 Armour
 + Level 11.2 Dodging
 + Level 11.1 Stealth
 + Level 10.2 Shields
 + Level 10.2 Unarmed Combat
 + Level 11.4 Spellcasting
 + Level 8.6 Conjurations
 + Level 8.6 Hexes
 + Level 11.1 Summonings
 + Level 8.6 Necromancy
 + Level 8.6 Translocations
 + Level 8.6 Fire Magic
 + Level 8.6 Ice Magic
 + Level 8.6 Air Magic
 + Level 8.6 Earth Magic
 + Level 8.6 Alchemy
 + Level 11.1 Invocations
 + Level 10.2 Evocations
 + Level 9.4 Shapeshifting


You had 22 spell levels left.
You knew the following spells:

 Your Spells              Type           Power      Damage    Failure   Level
c - Call Canine Familiar  Summ           63%        N/A       1%          3
d - Summon Blazeheart Go  Fire/Summ      59%        N/A       1%          4
e - Summon Lightning Spi  Summ/Air       59%        N/A       1%          4
f - Summon Ice Beast      Ice/Summ       59%        N/A       1%          3

Your spell library contained the following spells:

 Spells                   Type           Power      Damage    Failure   Level
 Necrotise                Necr           100%       1d9       1%          1
 Slow                     Hex            100%       N/A       1%          1
 Summon Small Mammal      Summ           100%       N/A       1%          1
 Call Imp                 Summ           100%       N/A       1%          2
 Ensorcelled Hibernation  Hex/Ice        100%       N/A       1%          2
 Sublimation of Blood     Necr           55%        N/A       1%          2
 Confusing Touch          Hex            55%        N/A       1%          3
 Frozen Ramparts          Ice            100%       1d16      1%          3
 Fugue of the Fallen      Necr           55%        N/A       1%          3
 Gell's Gravitas          Tloc           55%        N/A       1%          3
 Hailstorm                Conj/Ice       55%        3d11      1%          3
 Sigil of Binding         Hex            55%        N/A       1%          3
 Teleport Other           Tloc           55%        N/A       1%          3
 Vampiric Draining        Necr           55%        2d9       1%          3
 Anguish                  Hex/Necr       27%        N/A       1%          4
 Cause Fear               Hex            27%        N/A       1%          4
 Leda's Liquefaction      Alch/Erth      27%        N/A       1%          4
 Martyr's Knell           Necr/Summ      59%        N/A       1%          4
 Petrify                  Alch/Erth      55%        N/A       1%          4
 Curse of Agony           Necr           55%        N/A       4%          5
 Irradiate                Conj/Alch      27%        3d20      4%          5
 Metabolic Englaciation   Hex/Ice        27%        N/A       4%          5
 Conjure Ball Lightning   Conj/Air       27%        3x3d8     24%         6
 Dispersal                Tloc           27%        N/A       24%         6
 Sculpt Simulacrum        Ice/Alch       27%        N/A       24%         6
 Enfeeble                 Hex            27%        N/A       78%         7
 Discord                  Hex            27%        N/A       100%        8
 Disjunction              Tloc           27%        N/A       100%        8


Dungeon Overview and Level Annotations

Branches:
Dungeon (12/15)            Temple (1/1) D:5            Lair (5/5) D:9
 Shoals (0/4) Lair:3       Spider (0/4) Lair:3        Slime (0/5) Lair:4
    Orc (1/2) D:11

Altars:
Ashenzari
Cheibriados
Dithmenos
Elyvilon
Fedhas
Gozag
Hepliaklqana
Kikubaaqudgha
Makhleb
Nemelex Xobeh
Okawaru
Qazlal
Ru
Sif Muna
Trog
Uskayaw
Vehumet
Wu Jian
Xom
Yredelemnul
Zin
The Shining One
Lugonu

Shops:
D:9 [

Portals:
Abyss: D:6

Annotations:
D:3 2 transporters
D:6 2 runed translucent doors
Lair:2 2 transporters


Innate Abilities, Weirdness & Mutations

Your life essence is reduced to manifest your ancestor. (-10% HP)
You have very sharp teeth.
Your uncanny sense of smell can sniff out nearby items.
Your experience applies equally to all skills.


Message History

You hit the orc warlord but do no damage.
The orc warlord is heavily wounded.
Your familiar recovers from its injuries.
The orc priest no longer looks unusually strong.
The orc priest looks braver for a moment.
The orc warlord barely misses you.
You puncture the orc warlord! You punch the orc warlord!
You bite the orc warlord, but do no damage.
The orc warlord is heavily wounded.
The orc warlord roars a battlecry!
The orc priest goes into a battle-frenzy!
You hit the orc warlord. Your bite misses the orc warlord.
The orc warlord is heavily wounded.
Your blazeheart golem barely misses the orc warlord.
You hit the orc warlord but do no damage.
Your punch misses the orc warlord.
The orc warlord is heavily wounded.
The orc warlord roars a battlecry!
The orc warrior goes into a battle-frenzy!
The orc warrior hits you from afar with a +0 glaive.
* * * LOW HITPOINT WARNING * * *
Cynebald is still trapped in memory!
Okay, then.
You hit the orc warlord but do no damage.
The orc warlord is poisoned.
The orc warlord is heavily wounded.
You hit the orc warlord.
The orc warlord is severely wounded.
The orc warlord roars a battlecry!
The orc goes into a battle-frenzy!
The orc warrior barely misses you.
Your blazeheart golem punches the orc warlord!
The orc warrior hits your blazeheart golem with a +0 dire flail!
You catch the helpless orc warlord completely off-guard!
You hit the orc warlord but do no damage.
You bite the orc warlord, but do no damage.
The orc warlord is severely wounded.
The orc warlord hits you with a +3 great mace!!
You die...
Hepliaklqana delivers you to your ancestors.

### ##@###
##9o..##
#ooo...#
##)##.## ##
##o###.##
##.##Ko)# ..##.
##...ooo.##.....
#...o#.).o...##.
........#...#.##
#


You could see an orc warlord (very poisoned, ally target), a kobold blastminer,
4 orc warriors, an orc priest (strong), 2 orcs and a friendly blazeheart golem
(summoned).

Vanquished Creatures
  Snorg (D:11)
  Fannar (D:10)
  Erolcha (D:9)
  3 boulder beetles
  2 two-headed ogres
  Nergalle (D:11)
  3 skeletal warriors (D:11)
  A lindwurm (Lair:5)
  A cyclops (D:12)
  8 elephants
  2 black mambas
  A gargoyle (D:12)
  3 torpor snails (Lair:5)
  5 cane toads
  An unseen horror (D:12)
  4 komodo dragons
  A rime drake (Lair:1)
  A polar bear (Lair:5)
  2 tyrant leeches (Lair:5)
  2 trolls
  2 hornets
  4 blink frogs
  4 dream sheep
  A raiju (Lair:5)
  11 yaks
  3 wyverns
  2 wraiths
  A basilisk (D:11)
  A warg (Lair:5)
  A steam dragon (D:8)
  A vampire mosquito (D:11)
  5 water moccasins
  A hell hound (Lair:5)
  An orc warrior (D:8)
  A sky beast (D:6)
  2 black bears
  7 wolves (Lair:5)
  A centaur (D:10)
  5 bullfrogs
  A gnoll sergeant (D:7)
  A scorpion (D:6)
  A killer bee (D:9)
  3 howler monkeys (D:12)
  Crazy Yiuf (D:5)
  2 hounds (D:5)
  2 orc priests
  3 hell rats
  An iguana (D:9)
  An orc wizard (D:10)
  2 sleepcaps
  4 gnolls
  A white imp (D:7)
  A dart slug (D:3)
  6 orcs
  2 ball pythons (D:4)
  An endoplasm (D:2)
  2 giant cockroaches (D:1)
  7 goblins
  A hobgoblin (D:3)
  2 jackals (D:3)
  4 kobolds
  3 quokkas
  3 bats
  3 frilled lizards (D:1)
  2 rats
  A spectral kobold (D:3)
159 creatures vanquished.

Vanquished Creatures (collateral kills)
  Rupert (D:12)
  Gastronok (D:12)
  An ice dragon (Lair:5)
  3 hydras
  A centaur warrior (D:12)
  3 two-headed ogres (D:12)
  A hell hog (Lair:5)
  Sonja (D:10)
  A deep elf knight (D:12)
  2 skeletal warriors
  A pharaoh ant (Lair:3)
  A lindwurm (Lair:5)
  2 deep elf pyromancers
  An ugly thing (D:11)
  A cyclops (D:9)
  2 manticores (D:11)
  3 black mambas (Lair:5)
  3 elephants
  3 torpor snails (Lair:5)
  An eye of devastation (Lair:4)
  An unseen horror (D:10)
  Maggie (D:8)
  2 gargoyles (D:12)
  4 cane toads
  Jeremiah (D:7)
  5 rime drakes
  A tengu conjurer (D:12)
  8 komodo dragons
  A troll (D:12)
  A tarantella (Lair:3)
  8 polar bears (Lair:5)
  5 hornets (Lair:5)
  8 dream sheep
  A raiju (Lair:5)
  2 tyrant leeches (Lair:5)
  A glass eye (Lair:4)
  8 blink frogs
  Sigmund (D:3)
  A shadow (D:12)
  A slime creature (D:12)
  A wraith (D:12)
  3 wyverns
  13 yaks
  4 basilisks
  Eustachio (D:5)
  2 vampire mosquitoes (D:11)
  A redback (Lair:3)
  A steam dragon (D:8)
  4 wargs (Lair:5)
  Edmund (D:4)
  A nameless horror (D:7)
  16 water moccasins
  A swamp drake (D:11)
  11 black bears
  2 ice beasts
  12 hell hounds (Lair:5)
  A sky beast (D:8)
  A laughing skull (D:12)
  7 orc warriors
  3 centaurs
  9 wolves
  A kobold brigand (D:6)
  5 bullfrogs
  A gnoll sergeant (D:10)
  2 scorpions
  9 wights
  8 killer bees
  3 howler monkeys
  A bombardier beetle (D:9)
  A jelly (D:5)
  2 hounds
  10 orc priests
  2 gnoll boudas
  Jessica (D:2)
  An iguana (D:4)
  7 hell rats
  15 orc wizards
  15 gnolls
  5 adders
  43 orcs
  4 ball pythons
  3 endoplasms
  2 giant cockroaches
  2 goblins
  3 hobgoblins
  2 jackals (D:3)
  A quokka (D:4)
  2 frilled lizards (D:1)
  10 kobolds
  A rat (D:3)
351 creatures vanquished.

Vanquished Creatures (others)
  A warg (Lair:5)
  4 ancestors
  31 battlemagi
  61 blazeheart cores
97 creatures vanquished.

Grand Total: 607 creatures vanquished

Notes
Turn   | Place    | Note
-------+----------+-------------------------------------------
     0 | D:1      | CougarLife the Gnoll Summoner began the quest for the Orb.
     0 | D:1      | Reached XP level 1. HP: 13/13 MP: 6/6
   375 | D:1      | Reached XP level 2. HP: 2/19 MP: 4/7
   657 | D:1      | Reached skill level 5 in Spellcasting
   657 | D:1      | Reached XP level 3. HP: 15/25 MP: 5/9
   660 | D:1      | Learned a level 2 spell: Call Imp
   664 | D:1      | Learned a level 3 spell: Call Canine Familiar
  1061 | D:2      | Reached skill level 1 in Invocations
  1257 | D:2      | Reached skill level 1 in Fighting
  1257 | D:2      | Reached skill level 1 in Short Blades
  1257 | D:2      | Reached skill level 1 in Long Blades
  1257 | D:2      | Reached skill level 1 in Axes
  1257 | D:2      | Reached skill level 1 in Maces & Flails
  1257 | D:2      | Reached skill level 1 in Polearms
  1257 | D:2      | Reached skill level 1 in Staves
  1257 | D:2      | Reached skill level 1 in Ranged Weapons
  1257 | D:2      | Reached skill level 1 in Throwing
  1257 | D:2      | Reached skill level 1 in Armour
  1257 | D:2      | Reached skill level 1 in Shields
  1257 | D:2      | Reached skill level 1 in Unarmed Combat
  1257 | D:2      | Reached skill level 1 in Evocations
  1281 | D:2      | Noticed Jessica
  1292 | D:2      | Killed Jessica
  1293 | D:2      | Reached skill level 1 in Shapeshifting
  1293 | D:2      | Reached XP level 4. HP: 28/32 MP: 6/11
  1484 | D:2      | Reached skill level 1 in Conjurations
  1484 | D:2      | Reached skill level 1 in Hexes
  1484 | D:2      | Reached skill level 1 in Necromancy
  1484 | D:2      | Reached skill level 1 in Translocations
  1484 | D:2      | Reached skill level 1 in Fire Magic
  1484 | D:2      | Reached skill level 1 in Ice Magic
  1484 | D:2      | Reached skill level 1 in Air Magic
  1484 | D:2      | Reached skill level 1 in Earth Magic
  1484 | D:2      | Reached skill level 1 in Alchemy
  1907 | D:3      | Identified the +5 scale mail "Femave" {rF+ Str+2}
  2013 | D:2      | Learned a level 4 spell: Summon Blazeheart Golem
  2092 | D:3      | Noticed Sigmund
  2109 | D:3      | Killed Sigmund
  2110 | D:3      | Reached skill level 5 in Dodging
  2110 | D:3      | Reached XP level 5. HP: 3/38 MP: 5/12
  2110 | D:3      | Reached XP level 6. HP: 3/44 MP: 5/14
  2546 | D:3      | Found a transporter.
  2759 | D:3      | Found a transporter.
  2858 | D:3      | Found a faded altar of an unknown god.
  3296 | D:4      | Reached XP level 7. HP: 23/50 MP: 13/15
  3557 | D:4      | Noticed Edmund
  3750 | D:4      | Killed Edmund
  3751 | D:4      | Reached skill level 5 in Stealth
  4509 | D:5      | Entered Level 5 of the Dungeon
  4758 | D:5      | Reached XP level 8. HP: 58/58 MP: 12/16
  5041 | D:5      | Noticed Eustachio
  5053 | D:5      | Killed Eustachio
  5175 | D:5      | Found a staircase to the Ecumenical Temple.
  5194 | Temple   | Entered the Ecumenical Temple
  5233 | Temple   | Became a worshipper of Hepliaklqana the Forgotten
  5303 | D:5      | Noticed a wyvern
  5312 | D:5      | Killed a wyvern
  5768 | D:5      | Found a runed translucent door.
  5769 | D:5      | Noticed Crazy Yiuf
  5844 | D:5      | Killed Crazy Yiuf
  6001 | D:6      | Noticed a wyvern
  6485 | D:6      | Reached XP level 9. HP: 65/65 MP: 15/18
  6521 | D:6      | Found a radiant altar of Vehumet.
  6531 | D:6      | Reached * piety under Hepliaklqana
  6708 | D:6      | Found a one-way gate to the infinite horrors of the Abyss.
  6766 | D:6      | Found a large runed translucent door.
  6766 | D:6      | Found a large runed translucent door.
  6771 | D:6      | Found a corrupted altar of Lugonu.
  7763 | D:7      | Reached skill level 5 in Invocations
  7850 | D:7      | Noticed Jeremiah
  8121 | D:7      | Killed Jeremiah
  8503 | D:7      | Learned a level 4 spell: Summon Lightning Spire
  8602 | D:8      | Reached ** piety under Hepliaklqana
  8605 | D:7      | Remembered your ancestor Cynebald as a battlemage
  8770 | D:8      | Noticed a hornet
  8781 | D:8      | Killed a hornet
  8782 | D:8      | Reached skill level 5 in Fighting
  8782 | D:8      | Reached skill level 5 in Short Blades
  8782 | D:8      | Reached skill level 5 in Long Blades
  8782 | D:8      | Reached skill level 5 in Axes
  8782 | D:8      | Reached skill level 5 in Maces & Flails
  8782 | D:8      | Reached skill level 5 in Polearms
  8782 | D:8      | Reached skill level 5 in Staves
  8782 | D:8      | Reached skill level 5 in Ranged Weapons
  8782 | D:8      | Reached skill level 5 in Throwing
  8782 | D:8      | Reached skill level 5 in Armour
  8782 | D:8      | Reached skill level 5 in Shields
  8782 | D:8      | Reached skill level 5 in Unarmed Combat
  8782 | D:8      | Reached skill level 5 in Evocations
  8782 | D:8      | Reached XP level 10. HP: 66/66 MP: 13/20
  8974 | D:8      | Identified the +0 leather armour of the Trombone {rF- rC+
                  | Will+ MP+9 Stlth-}
  9484 | D:8      | Noticed Maggie
  9493 | D:8      | Killed Maggie
  9541 | D:8      | Identified the +0 dagger of Bodily Humours {elec, ^Contam
                  | rPois Dex+5}
  9638 | D:8      | Reached *** piety under Hepliaklqana
  9692 | D:8      | Reached skill level 5 in Shapeshifting
  9944 | D:9      | Noticed a cyclops
  9954 | D:9      | Killed a cyclops
 10416 | D:9      | Found a snail-covered altar of Cheibriados.
 10511 | D:9      | Found the +8 demon blade "Leech" {evervamp, Harm ^Drain
                  | rN+}
 10663 | D:9      | Noticed an animated crystal plate armour
 10664 | D:9      | Found Yntu's Armour Shoppe.
 10671 | D:9      | Noticed an animated plate armour
 10685 | D:9      | Found a staircase to the Lair.
 10881 | D:9      | Reached **** piety under Hepliaklqana
 11019 | D:9      | Found an iron altar of Okawaru.
 11019 | D:9      | Found a shimmering blue altar of Sif Muna.
 11065 | D:10     | Entered Level 10 of the Dungeon
 11205 | D:10     | Noticed Fannar
 11233 | D:10     | Killed Fannar
 11234 | D:10     | Reached skill level 5 in Conjurations
 11234 | D:10     | Reached skill level 5 in Hexes
 11234 | D:10     | Reached skill level 5 in Necromancy
 11234 | D:10     | Reached skill level 5 in Translocations
 11234 | D:10     | Reached skill level 5 in Fire Magic
 11234 | D:10     | Reached skill level 5 in Ice Magic
 11234 | D:10     | Reached skill level 5 in Air Magic
 11234 | D:10     | Reached skill level 5 in Earth Magic
 11234 | D:10     | Reached skill level 5 in Alchemy
 11234 | D:10     | Reached XP level 11. HP: 46/72 MP: 10/23
 11531 | D:10     | Noticed Sonja
 11546 | D:10     | Killed Sonja
 11887 | D:10     | Noticed a two-headed ogre
 11896 | D:10     | Killed a two-headed ogre
 12261 | D:10     | Noticed Erolcha
 12439 | D:9      | Killed Erolcha
 13485 | D:11     | Noticed a manticore
 13490 | D:11     | Killed a manticore
 13523 | D:11     | Noticed a two-headed ogre
 13526 | D:11     | Killed a two-headed ogre
 13531 | D:11     | Noticed a brown ugly thing
 13539 | D:11     | Killed a brown ugly thing
 13612 | D:11     | Learned a level 3 spell: Summon Ice Beast
 13824 | D:11     | Noticed a deep elf pyromancer
 13830 | D:11     | Killed a deep elf pyromancer
 13887 | D:11     | Noticed a boulder beetle
 13906 | D:11     | Killed a boulder beetle
 13907 | D:11     | Reached XP level 12. HP: 69/81 MP: 14/24
 14043 | D:11     | Noticed Snorg
 14061 | D:11     | HP: 4/81 [Snorg (3)]
 14087 | D:11     | Killed Snorg
 14344 | D:11     | Noticed Nergalle
 14360 | D:11     | HP: 3/81 [skeletal warrior/+0 long sword (27)]
 14603 | D:11     | Killed Nergalle
 15329 | D:11     | Found a staircase to the Orcish Mines.
 15605 | Lair:1   | Entered Level 1 of the Lair of Beasts
 15683 | Lair:1   | Reached ***** piety under Hepliaklqana
 16659 | Lair:2   | Noticed a boulder beetle
 16677 | Lair:2   | Killed a boulder beetle
 16678 | Lair:2   | Reached XP level 13. HP: 88/88 MP: 18/26
 16777 | D:9      | Bought the +2 pair of gloves of the Scribe {rN+ Str+3 Int+4
                  | Slay+2} for 829 gold pieces
 16863 | Lair:2   | Found a transporter.
 17096 | Lair:2   | Reached skill level 10 in Summonings
 17125 | Lair:2   | Found a transporter.
 18456 | Lair:3   | Reached skill level 10 in Spellcasting
 18516 | Lair:3   | Identified the +1 robe of Articulation {rElec rPois}
 19048 | Lair:3   | Found a hole to the Spider Nest.
 19300 | Lair:3   | Reached ****** piety under Hepliaklqana
 19311 | Lair:3   | Found a staircase to the Shoals.
 19351 | Lair:3   | Identified the +4 hand axe of Prudence {elec, rC- rCorr
                  | Str-3 SInv}
 19688 | Lair:4   | Found a staircase to the Slime Pits.
 20206 | Lair:4   | Reached skill level 10 in Dodging
 21207 | Lair:5   | Entered Level 5 of the Lair of Beasts
 21224 | Lair:5   | Reached skill level 10 in Stealth
 21508 | Lair:5   | Reached skill level 10 in Invocations
 21508 | Lair:5   | Reached XP level 14. HP: 86/97 MP: 18/28
 24252 | Lair:5   | Identified the +1 ring mail of Esulysoe {Int+4}
 24271 | Lair:5   | Identified the +3 leather armour of Uwomunat {*Slow rF+
                  | Will+}
 24785 | Lair:5   | Paralysed by a hornet for 1 turns
 25809 | D:12     | Noticed Rupert
 25814 | D:12     | Paralysed by Rupert for 4 turns
 25823 | D:12     | Killed Rupert
 25905 | D:12     | Reached skill level 10 in Fighting
 25905 | D:12     | Reached skill level 10 in Short Blades
 25905 | D:12     | Reached skill level 10 in Long Blades
 25905 | D:12     | Reached skill level 10 in Axes
 25905 | D:12     | Reached skill level 10 in Maces & Flails
 25905 | D:12     | Reached skill level 10 in Polearms
 25905 | D:12     | Reached skill level 10 in Staves
 25905 | D:12     | Reached skill level 10 in Ranged Weapons
 25905 | D:12     | Reached skill level 10 in Throwing
 25905 | D:12     | Reached skill level 10 in Armour
 25905 | D:12     | Reached skill level 10 in Shields
 25905 | D:12     | Reached skill level 10 in Unarmed Combat
 25905 | D:12     | Reached skill level 10 in Evocations
 26107 | D:12     | Noticed Gastronok
 26119 | D:12     | Killed Gastronok
 26120 | D:12     | Reached XP level 15. HP: 80/103 MP: 23/30
 27404 | D:12     | Upgraded the game from 0.32-a0-136-gc02482bde3 to
                  | 0.32-a0-163-g159c032296
 27542 | Orc:1    | Entered Level 1 of the Orcish Mines
 27542 | Orc:1    | Noticed an orc warlord
 27590 | Orc:1    | Slain by an orc warlord

Illustrated notes

Levels and vault maps discovered:
D:1:      dpeg_arrival_three_smaller_balls, layout_basic, amethyst_killhole,
          dk_noncrumbling_3, nicolae_grassy_gnolls
D:2:      layout_basic, uniq_jessica
D:3:      layout_loops_ring, dreamdust_ecumenical_altar_drowned_temple,
          gammafunk_ghost_gnarly_gnolls, uniq_sigmund
D:4:      layout_rooms, uniq_edmund
D:5:      layout_basic, minmay_temple_entry_drinking_statues, uniq_eustachio,
          uniq_crazy_yiuf_cottage
D:6:      due_chaos_kobolds, layout_gridville, vehumet_crystals
D:7:      layout_loops_corners, uniq_jeremiah
D:8:      layout_gridville, minmay_bent, uniq_maggie
D:9:      layout_irregular_city, nicolae_overflow_hidden_temple,
          chei_slow_surprise, david_lair_shrubbed, serial_shops,
          nicolae_shop_mannequins, abandoned_shop,
          nicolae_houndstooth_variations
D:10:     layout_loops_ring, uniq_fannar, uniq_sonja, uniq_erolcha
D:11:     layout_rooms, erik_orc_1, uniq_nergalle, uniq_snorg
D:12:     minmay_chambers_of_sevens, layout_basic, statue_in_the_mist_lemuel,
          minmay_quadrilaterals, uniq_gastronok, uniq_rupert
Temple:   dpeg_five_rooms_temple
Lair:1:   layout_regular_city, grunt_megastairs_5
Lair:2:   gammafunk_cloud_chamber, layout_gridlike, serial_bayou_shore_b,
          grunt_megastairs_1
Lair:3:   layout_roguey, shoals_dummy_entry,
          nicolae_spider_entry_lesser_pyramids
Lair:4:   layout_regular_city, minmay_slime_entry_eyes
Lair:5:   hangedman_lair_caniforms_friends, layout_cave_pods, wormcave,
          chequers_serial_rivers_micro_c, lemuel_old_faithful
Orc:1:    layout_caves

Skill      XL: |  1  2  3  4  5  6  7  8  9 10 11 12 13 14 15 |
---------------+----------------------------------------------+-----
Spellcasting   | 5 6 7 8 9 10 11 | 11.4
Invocations    | 1 2 3 4 5 6 7 8 10 11 | 11.1
Fighting       | 1 2 3 5 6 7 8 9 10 | 10.2
Short Blades   | 1 2 3 5 6 7 8 9 10 | 10.2
Long Blades    | 1 2 3 5 6 7 8 9 10 | 10.2
Axes           | 1 2 3 5 6 7 8 9 10 | 10.2
Maces & Flails | 1 2 3 5 6 7 8 9 10 | 10.2
Polearms       | 1 2 3 5 6 7 8 9 10 | 10.2
Staves         | 1 2 3 5 6 7 8 9 10 | 10.2
Ranged Weapons | 1 2 3 5 6 7 8 9 10 | 10.2
Throwing       | 1 2 3 5 6 7 8 9 10 | 10.2
Armour         | 1 2 3 5 6 7 8 9 10 | 10.2
Shields        | 1 2 3 5 6 7 8 9 10 | 10.2
Unarmed Combat | 1 2 3 5 6 7 8 9 10 | 10.2
Evocations     | 1 2 3 5 6 7 8 9 10 | 10.2
Shapeshifting  | 1 2 3 4 5 6 7 8 9 |  9.4
Conjurations   | 1 2 3 4 5 6 7 8 |  8.6
Hexes          | 1 2 3 4 5 6 7 8 |  8.6
Necromancy     | 1 2 3 4 5 6 7 8 |  8.6
Translocations | 1 2 3 4 5 6 7 8 |  8.6
Fire Magic     | 1 2 3 4 5 6 7 8 |  8.6
Ice Magic      | 1 2 3 4 5 6 7 8 |  8.6
Air Magic      | 1 2 3 4 5 6 7 8 |  8.6
Earth Magic    | 1 2 3 4 5 6 7 8 |  8.6
Alchemy        | 1 2 3 4 5 6 7 8 |  8.6
Dodging        | 5 6 7 8 9 10 11 | 11.2
Stealth        | 5 6 7 8 9 10 11 | 11.1
Summonings     | 8 9 10 11 | 11.1

Action                     |  1- 3 |  4- 6 |  7- 9 | 10-12 | 13-15 || total
---------------------------+-------+-------+-------+-------+-------++-------
  Melee: Unarmed           |    15 |       |       |       |       ||    15
         Dagger            |    31 |       |       |       |       ||    31
         Bite              |     6 |     3 |     7 |     8 |    52 ||    76
         Punch             |     3 |       |     3 |     6 |    33 ||    45
         Spear             |    44 |   118 |   202 |   158 |   429 ||   951
   Cast: Summon Small Mamm |    16 |     4 |     2 |     1 |       ||    23
         Call Canine Famil |     4 |    14 |    41 |    49 |    52 ||   160
         Call Imp          |     1 |     5 |     5 |     2 |       ||    13
         Summon Blazeheart |       |       |    15 |    69 |   100 ||   184
         Summon Lightning  |       |       |     1 |     6 |    18 ||    25
         Summon Ice Beast  |       |       |       |     4 |    12 ||    16
 Invoke: Ancestor Life: Ba |       |       |     1 |       |       ||     1
         Ancestor Identity |       |       |     1 |       |       ||     1
         Recall Ancestor   |       |       |       |     2 |     2 ||     4
         Idealise          |       |       |       |       |     5 ||     5
    Use: Scroll            |       |       |     7 |     6 |     8 ||    21
         Potion            |       |       |       |     7 |     2 ||     9
   Stab: Sleeping          |     1 |     5 |     3 |     1 |     2 ||    12
         Distracted        |       |     2 |     3 |     2 |    13 ||    20
 Armour: Robe              |    36 |    68 |       |       |       ||   104
         Quicksilver drago |       |       |    38 |       |       ||    38
         Leather armour    |       |       |    57 |   131 |   240 ||   428
  Dodge: Dodged            |    65 |    86 |    84 |    76 |   234 ||   545

Table legend: (Time is in decaauts)
 A = Elapsed time spent in this place.
 B = Non-inter-level travel time spent in this place.
 C = Inter-level travel time spent in this place.
 D = Time resting spent in this place.
 E = Time spent auto-exploring this place.
 F = Levels seen in this place.
 G = Mean time per level.
                   A        B        C        D        E       F      G
               +--------+--------+--------+--------+--------+-----+--------+
         Total |  27409 |  25741 |   1668 |   9910 |   9863 |  19 | 1442.6 |
       Dungeon |  17464 |  16274 |   1190 |   5377 |   7144 |  12 | 1455.3 |
        Temple |     77 |     10 |     67 |      0 |      0 |   1 |   77.0 |
          Lair |   9824 |   9414 |    410 |   4533 |   2719 |   5 | 1964.8 |
  Orcish Mines |     43 |     43 |      0 |      0 |      0 |   1 |   43.0 |
               +--------+--------+--------+--------+--------+-----+--------+

Top non-repeatable levels by time:
  Lair:5: 3926 daAuts
    D:10: 2587 daAuts
  Lair:4: 1954 daAuts
     D:9: 1791 daAuts
    D:11: 1656 daAuts
    D:12: 1595 daAuts
     D:5: 1584 daAuts
  Lair:3: 1474 daAuts
     D:7: 1468 daAuts
     D:8: 1424 daAuts
     D:3: 1388 daAuts
     D:4: 1362 daAuts
  Lair:2: 1301 daAuts
  Lair:1: 1168 daAuts
     D:1: 1001 daAuts
